 Dungeon Crawl Stone Soup version 0.22-a0-362-g535178c (webtiles) character file.

15971 b5mith the Spear-Bearer (level 12, -7/118 HPs)
             Began as a Minotaur Berserker on Apr 19, 2018.
             Was a High Priest of Trog.
             Killed from afar by a frost giant (41 damage)
             ... with a bolt of cold
             ... on level 12 of the Dungeon.
             The game lasted 00:31:24 (11311 turns).

b5mith the Spear-Bearer (Minotaur Berserker)       Turns: 11311, Time: 00:31:24

Health: -7/118     AC: 24    Str: 27    XL:     12   Next: 5%
Magic:  11/11      EV: 14    Int:  4    God:    Trog [*****.]
Gold:   346        SH:  0    Dex: 15    Spells: 11/11 levels left

rFire    . . .     SeeInvis .   D - +13 scythe of Curses {drain, *Curse} (curse)
rCold    . . .     Gourm    .   (shield currently unavailable)
rNeg     . . .     Faith    .   M - +5 ring mail {rPois} (curse)
rPois    +         Spirit   .   (helmet restricted)
rElec    .         Reflect  .   n - +2 cloak {MR+} (curse)
rCorr    .         Harm     .   d - +2 pair of gloves (curse)
MR       +....                  P - +1 pair of boots (curse)
Stlth    +.........             O - amulet of the acrobat (curse)
HPRegen  0.29/turn              u - +6 ring of protection (curse)
MPRegen  0.12/turn              A - +5 ring of dexterity (curse)

@: berserk cooldown, slowed, very slow
A: retaliatory headbutt, horns 2, repulsion field 1, mutation resistance 1
a: Berserk, Trog's Hand, Brothers in Arms, Renounce Religion


You were on level 12 of the Dungeon.
You worshipped Trog.
Trog was extremely pleased with you.
You were very hungry.

You visited 1 branch of the dungeon, and saw 12 of its levels.

You collected 599 gold pieces.
You spent 253 gold pieces at shops.

Inventory:

Hand Weapons
 b - a cursed +0 hunting sling
   (You found it on level 3 of the Dungeon)
 D - the cursed +13 scythe of Curses (weapon) {drain, *Curse}
   (You found it on level 4 of the Dungeon)

   A truly terrible weapon, it drains the life of those it strikes.
   It curses itself when equipped.
   It has a curse placed upon it.
Missiles
 s - 11 tomahawks of dispersal (quivered)
 G - 4 silver javelins
 L - 17 tomahawks
 R - 4 javelins
Armour
 d - a cursed +2 pair of gloves (worn)
   (You found it on level 1 of the Dungeon)
 m - a cursed scarf of resistance
   (You found it on level 4 of the Dungeon)
 n - a cursed +2 cloak of magic resistance (worn)
   (You found it on level 2 of the Dungeon)
 M - a cursed +5 ring mail of poison resistance (worn)
   (You bought it in a shop on level 9 of the Dungeon)
 P - a cursed +1 pair of boots (worn)
   (You found it on level 11 of the Dungeon)
Jewellery
 g - a cursed amulet of inaccuracy {unknown}
   (You found it on level 12 of the Dungeon)
 u - a cursed +6 ring of protection (left hand)
   (You found it on level 5 of the Dungeon)
 A - a cursed +5 ring of dexterity (right hand)
   (You found it on level 11 of the Dungeon)
 O - a cursed amulet of the acrobat (around neck)
   (You found it on level 11 of the Dungeon)
Wands
 o - a wand of digging (24)
   (You took it off Jessica on level 2 of the Dungeon)
 v - a wand of acid (3)
   (You found it on level 9 of the Dungeon)
 x - a wand of paralysis (21)
   (You found it on level 5 of the Dungeon)
 H - a wand of iceblast (19)
   (You found it on level 3 of the Dungeon)
 I - a wand of flame (22)
   (You found it on level 7 of the Dungeon)
Scrolls
 a - a scroll of fog {unknown}
 e - 6 scrolls of teleportation
 h - 5 scrolls of identify {@r1}
 j - 2 scrolls of amnesia {unknown}
 p - 2 scrolls of blinking
 y - 2 scrolls of remove curse {@r2}
 z - 3 scrolls of summoning
 B - 3 scrolls of holy word
 E - 2 scrolls of enchant weapon {unknown}
 F - a scroll of fear {unknown}
Potions
 k - a potion of ambrosia {unknown}
 l - 8 potions of curing {@q1}
 w - 2 potions of heal wounds
 J - a potion of haste
 K - a potion of resistance {unknown}
 N - a potion of cancellation {unknown}
 Q - 2 potions of invisibility {unknown}
 S - a potion of agility
Comestibles
 c - 28 rations
 f - 5 chunks of flesh


   Skills:
 + Level 14.6 Fighting
   Level 10.5 Long Blades
 + Level 14.7 Polearms
 - Level 2.4 Armour
 - Level 2.1 Dodging


You had 11 spell levels left.
You didn't know any spells.

Dungeon Overview and Level Annotations

Branches:
Dungeon (12/15)            Temple (0/1) D:4            Lair (0/6) D:9
    Orc (0/2) D:10

Altars:
Ashenzari
Dithmenos
Hepliaklqana
Makhleb
Qazlal
Xom
Yredelemnul

Shops:
D:9 }:[[   D:10 *


Innate Abilities, Weirdness & Mutations

You reflexively headbutt those who attack you in melee.
You have a pair of horns on your head.
You are surrounded by a mild repulsion field. (EV +2)
You are somewhat resistant to further mutation.


Message History

You see here a quokka corpse.
You butcher the quokka corpse.
f - 5 chunks of flesh (gained 2)
You start resting.
HP restored.
A frost giant comes into view. It is wielding a battleaxe of freezing.
The frost giant shouts!
Found four items.
Found three items.
Found a runed executioner's axe and a paperback book.
The frost giant points at you and mumbles some strange words.
The bolt of cold hits you!
An efreet comes into view. It is wielding a scimitar of flaming.
You see here a wand of random effects (27).
You slice the frost giant!! You headbutt the frost giant.
The frost giant is moderately wounded.
The frost giant gestures at you while chanting.
The bolt of cold hits you!
* * * LOW HITPOINT WARNING * * *
The frost giant closely misses you.
A red film seems to cover your vision as you go berserk!
You feel yourself moving faster!
You feel mighty!
You are feeling very hungry.
You slice the frost giant!!
The frost giant shivers with cold.
You headbutt the frost giant, but do no damage.
The frost giant is severely wounded.
The frost giant casts a spell at you. The bolt of cold hits you!
* * * LOW HITPOINT WARNING * * *
You slice the frost giant!! You drain the frost giant!
The frost giant scowls horribly.
The frost giant is almost dead.
The frost giant casts a spell at you. The bolt of cold hits you!
* * * LOW HITPOINT WARNING * * *
You slash the frost giant!
The frost giant shivers with cold.
The frost giant is almost dead.
The frost giant points at you and mumbles some strange words.
The bolt of cold hits you!
* * * LOW HITPOINT WARNING * * *
You are too berserk!
You are too berserk!
You feel a strong urge to attack something.
You feel your anger nearly subside.
You are no longer berserk.
You are exhausted.
You feel yourself slow down.
You feel much better.
The frost giant points at you and mumbles some strange words.
The bolt of cold hits you!
You die...

...... )):.........#.#......
#...... ..(........##.#......
##.###.. ......###§##.##......
.....##.......##.§...##.......
##.##.##.....##.##§###........
....##.#.....#.##.R...........
.....#.#.....#.#C........#...
.................[............
.....#.#.....#.#@......[###...
.....#.##...##.#.......## .
.....##.##.##.##......##
.[....##.....##......##
.......###.###......##
.......!.........####
......#.###.######
............# #############


You could see a frost giant and an efreet.

Vanquished Creatures
  7 two-headed ogres
  Urug (D:11)
  The ghost of arghonaut the Cleaver, a novice HOFi of Uskayaw (D:6)
  A wolf spider (D:12)
  2 ugly things (D:12)
  A deep elf mage (D:12)
  The ghost of ShrewdGherkins the Cudgeler, a novice DsFi (D:5)
  2 trolls
  A hornet (D:11)
  Prince Ribbit (D:8)
  The ghost of ShrewdGherkins the Vandal, an amateur HaHu of Okawaru (D:4)
  2 water elementals (D:11)
  9 yaks
  A wyvern (D:12)
  A water moccasin (D:10)
  4 porcupines (D:9)
  An ice beast (D:10)
  3 orc warriors
  2 sky beasts
  A black bear (D:9)
  An ogre (D:4)
  2 centaurs
  A crocodile (D:11)
  4 big kobolds
  A gnoll sergeant (D:8)
  9 bullfrogs
  4 scorpions
  8 killer bees
  The ghost of lepoulpe303 the Grave Robber, a weakling DDNe (D:3)
  7 wights
  6 howler monkeys
  2 electric eels (D:11)
  5 crimson imps
  2 bullfrog zombies
  6 hounds
  A quasit (D:7)
  A centaur skeleton (D:6)
  5 orc priests
  2 bullfrog skeletons
  A jelly (D:9)
  14 orc wizards
  Crazy Yiuf (D:2)
  Jessica (D:2)
  7 iguanas
  Natasha (thrice) (D:2)
  10 worker ants
  A hound skeleton (D:4)
  A worker ant zombie (D:10)
  6 gnolls
  15 adders
  3 shadow imps
  2 oozes
  An adder zombie (D:9)
  An adder skeleton (D:4)
  2 worms
  5 dart slugs
  7 leopard geckos
  36 orcs
  8 giant cockroaches
  11 goblins
  5 hobgoblins
  9 jackals
  17 kobolds
  4 quokkas
  4 ball pythons
  6 bats
  4 frilled lizards
  A jackal skeleton (D:8)
  A leopard gecko skeleton (D:8)
  10 rats
  A spectral orc (D:5)
309 creatures vanquished.

Vanquished Creatures (collateral kills)
  A two-headed ogre (D:10)
  A yak (D:9)
  An orc warrior (D:7)
  A bullfrog (D:9)
  2 howler monkeys (D:8)
  A jelly (D:11)
  A worker ant (D:11)
  2 orcs
  A jackal (D:3)
  5 kobolds (D:8)
16 creatures vanquished.

Vanquished Creatures (others)
  4 fungi (D:9)
  A plant (D:9)
5 creatures vanquished.

Grand Total: 330 creatures vanquished

Notes
Turn   | Place    | Note
-------+----------+-------------------------------------------
     0 | D:1      | b5mith the Minotaur Berserker began the quest for the Orb.
     0 | D:1      | Reached XP level 1. HP: 19/19 MP: 0/0
   326 | D:1      | Reached XP level 2. HP: 22/27 MP: 1/1
  1196 | D:2      | Reached XP level 3. HP: 33/34 MP: 2/2
  1229 | D:2      | Noticed Jessica
  1243 | D:2      | Killed Jessica
  1278 | D:2      | Reached ** piety under Trog
  1364 | D:2      | Noticed Natasha
  1370 | D:2      | Killed Natasha
  1370 | D:2      | Reached skill level 5 in Fighting
  1370 | D:2      | Reached skill level 5 in Long Blades
  1370 | D:2      | Reached XP level 4. HP: 41/42 MP: 3/3
  1446 | D:2      | Noticed Natasha
  1458 | D:2      | Killed Natasha
  1463 | D:2      | Noticed Natasha
  1473 | D:2      | Killed Natasha
  1473 | D:2      | Reached XP level 5. HP: 22/49 MP: 4/4
  2369 | D:2      | Found a runed door.
  2513 | D:2      | Noticed Crazy Yiuf
  2518 | D:2      | Killed Crazy Yiuf
  2685 | D:3      | You fall through a shaft for 2 floors!
  2685 | D:5      | Entered Level 5 of the Dungeon
  2685 | D:5      | Found a burning altar of Makhleb.
  2731 | D:5      | Found a basalt altar of Yredelemnul.
  2769 | D:5      | Reached XP level 6. HP: 49/57 MP: 5/5
  2783 | D:5      | Noticed ShrewdGherkins's ghost (novice DsFi)
  2795 | D:5      | Killed ShrewdGherkins's ghost
  2795 | D:5      | Reached XP level 7. HP: 47/66 MP: 6/6
  2845 | D:5      | Reached *** piety under Trog
  3414 | D:5      | Found a shadowy altar of Dithmenos.
  3602 | D:5      | Found a shattered altar of Ashenzari.
  3657 | D:6      | Reached XP level 8. HP: 71/75 MP: 7/7
  4178 | D:6      | Noticed arghonaut's ghost (novice HOFi)
  4199 | D:6      | Killed arghonaut's ghost
  4199 | D:6      | Reached skill level 10 in Fighting
  4199 | D:6      | Reached skill level 10 in Long Blades
  5150 | D:4      | Found a staircase to the Ecumenical Temple.
  5151 | D:4      | Found the cursed +13 scythe of Curses {drain, *Curse}
  5218 | D:4      | Reached **** piety under Trog
  5218 | D:4      | Reached XP level 9. HP: 86/86 MP: 8/8
  5259 | D:4      | Noticed ShrewdGherkins's ghost (amateur HaHu)
  5274 | D:4      | Killed ShrewdGherkins's ghost
  5280 | D:4      | HP: 4/86 [poisoned by ShrewdGherkins's ghost]
  5544 | D:4      | Found a stormy altar of Qazlal.
  5545 | D:4      | Found a shimmering altar of Xom.
  5904 | D:3      | Noticed lepoulpe303's ghost (weakling DDNe)
  5910 | D:3      | Killed lepoulpe303's ghost
  5965 | D:3      | Received a gift from Trog
  6766 | D:7      | Reached skill level 5 in Polearms
  7047 | D:7      | Reached ***** piety under Trog
  7581 | D:8      | Noticed a two-headed ogre
  7587 | D:8      | Killed a two-headed ogre
  7587 | D:8      | Reached XP level 10. HP: 97/97 MP: 9/9
  7685 | D:8      | Noticed Prince Ribbit
  7693 | D:8      | Killed Prince Ribbit
  8054 | D:8      | Gained mutation: You expend magic power (3 MP) to strengthen your wands. [potion of mutation]
  8054 | D:8      | Gained mutation: You are partially covered in large bone plates. (SH +4) [potion of mutation]
  8054 | D:8      | Gained mutation: You are somewhat resistant to further mutation. [potion of mutation]
  8090 | D:8      | Lost mutation: You are somewhat resistant to further mutation. [potion of mutation]
  8090 | D:8      | Lost mutation: You expend magic power (3 MP) to strengthen your wands. [potion of mutation]
  8090 | D:8      | Lost mutation: You are partially covered in large bone plates. (SH +4) [potion of mutation]
  8090 | D:8      | Gained mutation: You have sharp fingernails. [potion of mutation]
  8090 | D:8      | Gained mutation: You are resistant to hostile enchantments. (MR+) [potion of mutation]
  8090 | D:8      | Lost mutation: You have sharp fingernails. [potion of mutation]
  8090 | D:8      | Gained mutation: You have a pair of large horns on your head. [potion of mutation]
  8091 | D:8      | Lost mutation: You have a pair of large horns on your head. [potion of mutation]
  8091 | D:8      | Lost mutation: You are resistant to hostile enchantments. (MR+) [potion of mutation]
  8091 | D:8      | Gained mutation: You are somewhat resistant to further mutation. [potion of mutation]
  8091 | D:8      | Gained mutation: You are surrounded by a mild repulsion field. (EV +2) [potion of mutation]
  8240 | D:9      | Noticed a two-headed ogre
  8247 | D:9      | Killed a two-headed ogre
  8247 | D:9      | Reached skill level 10 in Polearms
  8269 | D:9      | Found a hazy altar of Hepliaklqana.
  8294 | D:9      | Received a gift from Trog
  8589 | D:9      | Found Oleulolu's Armour Shop.
  8592 | D:9      | Bought a +3 ring mail of poison resistance for 253 gold pieces
  8649 | D:9      | Found Dupsaus's Gadget Emporium.
  8666 | D:9      | Found Kujamp's Antique Armour Shop.
  8707 | D:9      | Noticed a two-headed ogre
  8712 | D:9      | Killed a two-headed ogre
  8721 | D:9      | Found a staircase to the Lair.
  8878 | D:9      | Found Deuczak's Book Shoppe.
  8939 | D:9      | Reached XP level 11. HP: 95/107 MP: 10/10
  9134 | D:10     | Entered Level 10 of the Dungeon
  9137 | D:10     | Noticed a two-headed ogre
  9142 | D:10     | Killed a two-headed ogre
  9235 | D:10     | Noticed a two-headed ogre
  9241 | D:10     | Killed a two-headed ogre
  9391 | D:10     | Found a staircase to the Orcish Mines.
  9500 | D:10     | Found Nesyfretz's Assorted Antiques.
  9806 | D:10     | Noticed a two-headed ogre
  9811 | D:10     | Killed a two-headed ogre
 10177 | D:11     | Noticed a two-headed ogre
 10185 | D:11     | Killed a two-headed ogre
 10333 | D:11     | Noticed Urug
 10343 | D:11     | Killed Urug
 10449 | D:11     | Noticed a two-headed ogre
 10454 | D:11     | Killed a two-headed ogre
 11058 | D:12     | Noticed a brown ugly thing
 11066 | D:12     | Killed a brown ugly thing
 11074 | D:12     | Noticed a deep elf mage
 11080 | D:12     | Killed a deep elf mage
 11103 | D:12     | Noticed a white ugly thing
 11107 | D:12     | Killed a white ugly thing
 11107 | D:12     | Reached XP level 12. HP: 118/118 MP: 11/11
 11295 | D:12     | Noticed a frost giant
 11306 | D:12     | HP: 1/177 [frost giant/bolt of cold (29)]
 11311 | D:12     | Killed from afar by a frost giant

Vault maps used:
D:1:      eino_arrival_water_cross, fountainhead
D:2:      uniq_crazy_yiuf_cottage, uniq_jessica, uniq_natasha
D:3:      minmay_misc_feat_tiny
D:4:      minitemple, minmay_temple_entry_junction
D:5:      yredelemnul_forgotten_temple_becter, kennysheep_mini,
          nicolae_dithmenos_the_darkroom, lemuel_crystal_altar, first_ration,
          minmay_misc_feat_secret_circle
D:6:      minmay_misc_feat_more_columns
D:8:      minmay_unpleasant_kobolds, uniq_prince_ribbit1
D:9:      lemuel_doored_altar, grunt_lair_entry_orc_guard_hut, serial_shops,
          shop, kennysheep_mini_moat, nicolae_shop_behind_doors, shop
D:10:     orc_0_dummy, serial_shops, shop, grunt_ogre_cave
D:11:     uniq_urug
D:12:     minmay_strange_plus, basic_altar, corner_web_ring

Skill      XL: |  1  2  3  4  5  6  7  8  9 10 11 |
---------------+----------------------------------+-----
Fighting       | 4 5 6 7 8 10 11 13 14 | 14.6
Long Blades    | 4 5 6 7 8 10 | 10.5
Polearms       | 8 11 14 | 14.7
Armour         | |  2.4
Dodging        | |  2.1

Action                   |  1- 3 |  4- 6 |  7- 9 | 10-12 || total
-------------------------+-------+-------+-------+-------++-------
Melee: Falchion          |    60 |    84 |   171 |       ||   315
       Headbutt          |    14 |    21 |    44 |    35 ||   114
       Scythe            |       |       |   132 |   233 ||   365
Invok: Berserk           |     1 |     2 |     2 |     3 ||     8
  Use: Scroll            |       |     1 |       |    15 ||    16
       Potion            |       |       |     4 |     5 ||     9
 Stab: Sleeping          |     1 |       |       |       ||     1
  Eat: Chunk             |     2 |     6 |    18 |    14 ||    40
Armor: Animal skin       |    12 |    10 |       |       ||    22
       Ring mail         |       |    18 |   135 |   106 ||   259
Dodge: Dodged            |    26 |    36 |   148 |   168 ||   378
       Rpst.: Falchion   |     7 |     6 |    17 |       ||    30

Table legend:
 A = Spawn XP
 B = Non-spawn XP
 C = Spawn XP percentage of total XP
 D = Spawn monster count
 E = Non-spawn monster count
 F = Spawn count percentage of total count
 G = Total turns spent on level
                    A         B        C        D         E        F      G
               +---------+---------+-------+---------+---------+-------+---------
         Total |       0 |   22817 |   0.0 |       0 |     325 |   0.0 | 11311
               +---------+---------+-------+---------+---------+-------+---------
           D:1 |       0 |      38 |   0.0 |       0 |      20 |   0.0 |  1189
           D:2 |       0 |     300 |   0.0 |       0 |      29 |   0.0 |  1455
           D:3 |       0 |     170 |   0.0 |       0 |      34 |   0.0 |   859
           D:4 |       0 |     701 |   0.0 |       0 |      23 |   0.0 |   770
           D:5 |       0 |     966 |   0.0 |       0 |      27 |   0.0 |   952
           D:6 |       0 |    1430 |   0.0 |       0 |      23 |   0.0 |  1521
           D:7 |       0 |     984 |   0.0 |       0 |      29 |   0.0 |   689
           D:8 |       0 |    2099 |   0.0 |       0 |      39 |   0.0 |   709
           D:9 |       0 |    4531 |   0.0 |       0 |      42 |   0.0 |   990
          D:10 |       0 |    5083 |   0.0 |       0 |      33 |   0.0 |   976
          D:11 |       0 |    4214 |   0.0 |       0 |      18 |   0.0 |   948
          D:12 |       0 |    2301 |   0.0 |       0 |       8 |   0.0 |   253
               +---------+---------+-------+---------+---------+-------+---------
